 Dungeon Crawl Stone Soup version 0.23-a0-261-g133332c (webtiles) character file.

177 mandick the Skirmisher (level 5, -2/51 HPs)
             Began as a Hill Orc Wanderer on Sept 30, 2018.
             Slain by an iguana (9 damage)
             ... on level 4 of the Dungeon.
             The game lasted 00:07:51 (2439 turns).

mandick the Skirmisher (Hill Orc Wanderer)          Turns: 2439, Time: 00:07:52

Health: -2/51      AC:  8    Str: 17    XL:     5   Next: 57%
Magic:  5/5        EV: 10    Int: 12    God:
Gold:   178        SH:  0    Dex:  9    Spells: 4/4 levels left

rFire    . . .     SeeInvis .   r - +3 quarterstaff (chaos)
rCold    . . .     Gourm    .   (shield currently unavailable)
rNeg     . . .     Faith    .   c - +0 ring mail
rPois    .         Spirit   .   p - +0 helmet
rElec    .         Reflect  .   s - +0 cloak
rCorr    .         Harm     .   (no gloves)
MR       .....                  (no boots)
Stlth    ..........             j - amulet of regeneration
HPRegen  0.57/turn              (no ring)
MPRegen  0.09/turn              (no ring)

@: no status effects
A: no striking features
a: no special abilities


You were on level 4 of the Dungeon.
You were not hungry.

You visited 1 branch of the dungeon, and saw 4 of its levels.

You collected 178 gold pieces.

Inventory:

Hand Weapons
 a - a +2 quarterstaff
 r - a +3 quarterstaff of chaos (weapon)
Armour
 c - a +0 ring mail (worn)
 m - a +0 large shield
 p - a +0 helmet (worn)
 s - a +0 cloak (worn)
Magical Staves
 w - an uncursed staff of cold {unknown}
Jewellery
 j - an amulet of regeneration (around neck)
 o - a +6 amulet of reflection {unknown}
Scrolls
 b - 4 scrolls of teleportation
 e - 3 scrolls of remove curse {unknown}
 g - 2 scrolls of amnesia {unknown}
 h - a scroll of enchant armour {unknown}
 l - 2 scrolls of enchant weapon {unknown}
 n - 2 scrolls of identify {unknown}
 v - a scroll of random uselessness {unknown}
Potions
 f - 2 potions of lignification {unknown}
 i - a potion of curing {unknown}
 k - a potion of resistance {unknown}
 q - a potion of haste {unknown}
 u - a potion of mutation {unknown}
Comestibles
 d - 3 rations


   Skills:
 + Level 6.6 Fighting
 - Level 1.7 Staves
 + Level 4.6 Armour
 - Level 1.1 Shields
   Level 1.0 Evocations


You had 4 spell levels left.
You didn't know any spells.
Your spell library was empty.

Dungeon Overview and Level Annotations

Branches:
Dungeon (4/15)
 Temple: D:4-7

Altars:
Ashenzari
Dithmenos
Fedhas


Message History

The iguana closely misses you.
You sock the adder!
You kill the adder!
The iguana bites you!
You hit the iguana. You freeze the iguana.
The iguana is moderately wounded.
The iguana bites you but does no damage.
You hit the iguana.
The iguana is heavily wounded.
The iguana bites you!
You barely miss the iguana.
The iguana is heavily wounded.
The iguana bites you!
* * * LOW HITPOINT WARNING * * *
You sock the iguana!
The iguana is almost dead.
The iguana bites you!
* * * LOW HITPOINT WARNING * * *
The iguana bites you!
You die...

# #.
###+#.########.
#?....#........
#..............
#..............
#..@l.....#
#..†......#
#.........#
...........#
.............
###...........
#...........
#...........


You could see an iguana.

Vanquished Creatures
  Crazy Yiuf (D:2)
  A worker ant zombie (D:3)
  7 adders
  An ooze (D:3)
  3 worms (D:2)
  A dart slug (D:1)
  2 leopard geckos
  6 bats
  4 giant cockroaches
  9 goblins
  8 hobgoblins
  3 jackals (D:1)
  A ball python (D:3)
  3 frilled lizards
  8 kobolds
  2 rats
60 creatures vanquished.

Notes
Turn   | Place    | Note
-------+----------+-------------------------------------------
     0 | D:1      | mandick the Hill Orc Wanderer began the quest for the Orb.
     0 | D:1      | mandick set off with: a +2 quarterstaff, a scroll of
                  | teleportation, a +0 ring mail, a ration
     0 | D:1      | Reached XP level 1. HP: 22/22 MP: 1/1
   105 | D:1      | Reached skill level 5 in Fighting
   198 | D:1      | Reached XP level 2. HP: 29/29 MP: 2/2
   346 | D:1      | Reached XP level 3. HP: 15/36 MP: 3/3
  1134 | D:2      | Reached XP level 4. HP: 42/44 MP: 4/4
  1419 | D:2      | Found a runed door.
  1423 | D:2      | Noticed Crazy Yiuf
  1427 | D:2      | Paralysed by Crazy Yiuf for 4 turns
  1434 | D:2      | Killed Crazy Yiuf
  1434 | D:2      | Reached skill level 6 in Fighting
  1634 | D:3      | Found a shadowy altar of Dithmenos.
  1640 | D:3      | Reached XP level 5. HP: 44/50 MP: 5/5
  2186 | D:3      | Found a blossoming altar of Fedhas.
  2186 | D:3      | Found a shattered altar of Ashenzari.
  2191 | D:3      | Found a faded altar of an unknown god.
  2439 | D:4      | Slain by an iguana

Vault maps used:
D:1:      lemuel_arrival_broad_hall, minmay_hexomino_u4
D:2:      minmay_unequal, uniq_crazy_yiuf_cottage
D:3:      gammafunk_temple_overflow_wave, old_standard_altar,
          chequers_ecumenical_altar_simple_redux
D:4:      okawaru_trees_1, trog_eyes_of_draining, first_ration, uniq_eustachio

Skill      XL: |  1  2  3  4 |
---------------+-------------+-----
Fighting       | 5 6 |  6.6
Armour         | 3 4 |  4.6
Staves         | |  1.7
Shields        | |  1.1
Evocations     | |  1.0

Action                   |  1- 3 |  4- 6 || total
-------------------------+-------+-------++-------
Melee: Quarterstaff      |   102 |    77 ||   179
  Eat: Chunk             |     1 |     4 ||     5
Armor: Ring mail         |    73 |    45 ||   118
Dodge: Dodged            |    80 |    45 ||   125

Table legend:
 A = Non-vault XP
 B = Vault XP
 C = Vault XP percentage of total XP
 D = Non-vault monster count
 E = Vault monster count
 F = Vault count percentage of total count
                 A         B        C        D         E       F
            +---------+---------+-------+---------+---------+-------
      Total |     194 |      60 |  23.6 |      50 |      10 |  16.7
            +---------+---------+-------+---------+---------+-------
        D:1 |      32 |      10 |  23.8 |      18 |       5 |  21.7
        D:2 |      58 |      50 |  46.3 |      18 |       5 |  21.7
        D:3 |      90 |       0 |   0.0 |      13 |       0 |   0.0
        D:4 |      14 |       0 |   0.0 |       1 |       0 |   0.0
            +---------+---------+-------+---------+---------+-------
